 Dungeon Sprint DCSS version 0.23.2-1-ga50397a6bc (webtiles) character file.

Game seed: 326255974204903540

10276 Kobolds4U the Unseen (level 11, -8/56 HPs)
             Began as a Spriggan Assassin on May 22, 2019.
             Was the Champion of Dithmenos.
             Killed from afar by a gargoyle (28 damage)
             ... with a stone arrow
             ... in the Dungeon (Sprint I: "Red Sonja").
             The game lasted 00:15:28 (2527 turns).

Kobolds4U the Unseen (Spriggan Assassin)            Turns: 2527, Time: 00:15:29

Health: -8/56      AC:  7    Str:  7    XL:     11   Next: 34%
Magic:  21/21      EV: 41    Int: 12    God:    Dithmenos [******]
Gold:   657        SH:  0    Dex: 27    Spells: 10/10 levels left

rFire    . . .     SeeInvis +   a - +2 dagger
rCold    . . .     Gourm    .   (shield restricted)
rNeg     . . .     Faith    .   r - +0 troll leather armour
rPois    .         Spirit   .   (helmet restricted)
rElec    .         Reflect  .   t - +2 cloak
rCorr    .         Harm     .   (gloves unavailable)
MR       +....     NoTele   +   (boots unavailable)
Stlth    ++++++++++             (no amulet)
HPRegen  0.58/turn              (no ring)
MPRegen  0.17/turn              (no ring)

@: agile, wreathed by umbra, very quick
A: very small, unfitting armour, see invisible, herbivore, speed 3, slow
metabolism 2
a: Shadow Step, Shadow Form, Renounce Religion


You were in the Dungeon.
You worshipped Dithmenos.
Dithmenos was exalted by your worship.
You were not hungry.

You visited 1 branch You collected 1119 gold pieces.
You spent 462 gold pieces at shops.

Inventory:

Hand Weapons
 a - a +2 dagger (weapon)
 b - a +0 blowgun
 m - a +0 dagger of venom
Missiles
 e - 19 poisoned needles
 f - 6 curare-tipped needles
Armour
 c - a +0 robe
 r - a +0 troll leather armour (worn)
 t - a +2 cloak (worn)
Wands
 n - a wand of random effects (17)
 p - a wand of paralysis (8)
 q - a wand of disintegration (8)
Scrolls
 d - a scroll of brand weapon {unknown}
Potions
 h - 3 potions of curing
 j - a potion of haste
 k - 2 potions of magic
 l - a potion of mutation {unknown}
 o - a potion of agility
Comestibles
 g - a ration


   Skills:
 - Level 5.6 Fighting
 + Level 2.8 Short Blades
 + Level 11.8 Throwing
 - Level 17.8 Dodging
 - Level 20.3 Stealth
 - Level 13.3 Invocations
 - Level 11.0 Evocations


You had 10 spell levels left.
You didn't know any spells.
Your spell library was empty.

Dungeon Overview and Level Annotations

Branches:
Dungeon (1/1)

Altars:
Cheibriados
Dithmenos
Elyvilon
Fedhas
Gozag
Hepliaklqana
Kikubaaqudgha
Makhleb
Nemelex Xobeh
Okawaru
Qazlal
Ru
Sif Muna
Trog
Uskayaw
Vehumet
Wu Jian
Xom
Yredelemnul
Zin
The Shining One
Jiyva
Lugonu

Shops:
D =}[

Annotations:
D exclusion: oklob plant


Innate Abilities, Weirdness & Mutations

You are very small and have problems with some larger weapons.
You are too small for most types of armour.
You have supernaturally acute eyesight. (SInv)
You are a herbivore.
You cover ground extremely quickly.
You need to consume almost no food.


Message History

You hit the gargoyle but do no damage.
The gargoyle is lightly damaged.
The gargoyle completely misses you.
You hit the gargoyle but do no damage.
The gargoyle is lightly damaged.
Your shadow hits the gargoyle but does no damage.
The gargoyle hurls a stone arrow at you.
The stone arrow misses you.
You hit the gargoyle but do no damage.
The gargoyle is lightly damaged.
The gargoyle misses you.
You hit the gargoyle but do no damage.
The gargoyle is lightly damaged.
You hit the gargoyle but do no damage.
The gargoyle is lightly damaged.
Your shadow hits the gargoyle but does no damage.
The gargoyle hurls a stone arrow at you.
The stone arrow hits you!!
Ouch! That really hurt!
You die...

#################################
.)'..#__#..+..)#@.#§§§§'C.§§§§').
..#..+^.+..#...##9#§####§C.§§##..
####+#__####)..+°.#§# ##§§.#####
...#.####§§#####..+.# ###§# [(#
..##(#§§§§§#..##'#### #.##$$$
#+#_.+§§≈§§'§.#.^..^# #..###$
+..._#≈§§§§#..#..^..+ ##.#A#$
#_.#'##+#####+###..^# #..###$
##+#.#.)))###P+ #☼.○# #.##..$


You could see a gargoyle.

Vanquished Creatures
  A hydra (D)
  2 centaur warriors (D)
  Sonja (D)
  A deep troll (D)
  A lindwurm (D)
  5 unseen horrors (D)
  2 merfolk sirens (D)
  A demonic crawler (D)
  2 kobold demonologists (D)
  A hornet (D)
  A slime creature (D)
  Sigmund (D)
  13 hogs (D)
  A yak (D)
  2 floating eyes (D)
  An ogre (D)
  A jelly (D)
  Ijyb (D)
  A ballistomycete (D)
  A ballistomycete spore (D)
40 creatures vanquished.

Vanquished Creatures (others)
  A gargoyle (D)
  2 hornets (D)
  A ballistomycete spore (D)
4 creatures vanquished.

Grand Total: 44 creatures vanquished

Notes
Turn   | Place    | Note
-------+----------+-------------------------------------------
     0 | D        | Kobolds4U the Spriggan Assassin began the quest for the
                  | Orb.
     0 | D        | Reached XP level 1. HP: 10/10 MP: 2/2
     1 | D        | Noticed Ijyb
    21 | D        | Killed Ijyb
    21 | D        | Reached skill level 10 in Stealth
    21 | D        | Reached XP level 2. HP: 14/14 MP: 3/3
    23 | D        | Noticed an ogre
    29 | D        | Killed an ogre
    29 | D        | Reached skill level 14 in Stealth
    29 | D        | Reached XP level 3. HP: 18/18 MP: 4/4
    29 | D        | Reached XP level 4. HP: 22/22 MP: 5/5
    57 | D        | Noticed Sigmund
    60 | D        | Killed Sigmund
    60 | D        | Reached skill level 17 in Stealth
    60 | D        | Reached XP level 5. HP: 22/25 MP: 6/6
    60 | D        | Reached XP level 6. HP: 26/30 MP: 7/7
    95 | D        | Found an ornate altar of the Wu Jian Council.
    95 | D        | Found a deep blue altar of Sif Muna.
    97 | D        | Found a radiant altar of Vehumet.
   131 | D        | Found Iteynlie's Gadget Emporium.
   131 | D        | Found an ancient bone altar of Kikubaaqudgha.
   131 | D        | Found a hazy altar of Hepliaklqana.
   131 | D        | Found a hide-covered altar of Uskayaw.
   131 | D        | Found a basalt altar of Yredelemnul.
   131 | D        | Found an opulent altar of Gozag.
   131 | D        | Found a snail-covered altar of Cheibriados.
   131 | D        | Found a sacrificial altar of Ru.
   131 | D        | Found a shadowy altar of Dithmenos.
   131 | D        | Noticed a yak
   132 | D        | Found a stormy altar of Qazlal.
   132 | D        | Found a blossoming altar of Fedhas.
   132 | D        | Found a bloodstained altar of Trog.
   132 | D        | Found an iron altar of Okawaru.
   132 | D        | Found a glowing golden altar of the Shining One.
   132 | D        | Found a glowing silver altar of Zin.
   132 | D        | Found a white marble altar of Elyvilon.
   133 | D        | Killed a yak
   134 | D        | Found a sparkling altar of Nemelex Xobeh.
   138 | D        | Bought a wand of paralysis (8) for 120 gold pieces
   138 | D        | Bought a wand of disintegration (8) for 144 gold pieces
   141 | D        | Became a worshipper of Dithmenos the Shadowed
   155 | D        | Noticed a centaur warrior
   156 | D        | Noticed a centaur warrior
   159 | D        | Killed a centaur warrior
   159 | D        | Reached skill level 5 in Invocations
   159 | D        | Reached XP level 7. HP: 33/33 MP: 7/13
   159 | D        | Reached XP level 8. HP: 37/37 MP: 7/14
   160 | D        | Killed a centaur warrior
   160 | D        | Reached skill level 15 in Dodging
   160 | D        | Reached skill level 10 in Evocations
   162 | D        | Noticed a hornet
   165 | D        | Killed a hornet
   165 | D        | Reached * piety under Dithmenos
   226 | D        | Noticed an oklob plant
   446 | D        | Found a burning altar of Makhleb.
   446 | D        | Found a viscous altar of Jiyva.
   446 | D        | Found a shimmering altar of Xom.
   446 | D        | Found a corrupted altar of Lugonu.
   446 | D        | Noticed a slime creature
   449 | D        | Killed a slime creature
   449 | D        | Reached XP level 9. HP: 41/41 MP: 16/18
   472 | D        | Noticed a kobold demonologist
   473 | D        | Noticed a kobold demonologist
   477 | D        | Killed a kobold demonologist
   477 | D        | Reached ** piety under Dithmenos
   479 | D        | Killed a kobold demonologist
   486 | D        | Noticed a demonic crawler
   486 | D        | Noticed a demonic crawler
   486 | D        | Noticed a demonic crawler
   486 | D        | Noticed a demonic crawler
   543 | D        | Noticed Sonja
   547 | D        | Killed Sonja
   547 | D        | Reached skill level 10 in Invocations
   560 | D        | Noticed a deep troll
   564 | D        | Killed a deep troll
   564 | D        | Reached skill level 5 in Fighting
   600 | D        | Found Jyckoy's Armour Emporium.
   605 | D        | Bought a +2 cloak for 198 gold pieces
   630 | D        | Found Kailin's Jewellery Boutique.
  1277 | D        | Noticed a lindwurm
  1279 | D        | Killed a lindwurm
  1279 | D        | Reached *** piety under Dithmenos
  1279 | D        | Reached XP level 10. HP: 52/52 MP: 19/19
  1288 | D        | Reached skill level 5 in Throwing
  1291 | D        | Reached **** piety under Dithmenos
  1323 | D        | Reached ***** piety under Dithmenos
  1459 | D        | Noticed a 12-headed hydra
  1461 | D        | Killed a 12-headed hydra
  1514 | D        | Noticed a merfolk siren
  1515 | D        | Noticed a deep elf annihilator
  1516 | D        | Noticed a merfolk siren
  1603 | D        | Killed a merfolk siren
  1603 | D        | Reached skill level 18 in Stealth
  1632 | D        | Killed a merfolk siren
  1652 | D        | Noticed a daeva
  1655 | D        | Noticed an unseen horror
  1655 | D        | Noticed an unseen horror
  1655 | D        | Noticed an unseen horror
  1656 | D        | Noticed an unseen horror
  1658 | D        | Killed an unseen horror
  1658 | D        | Reached skill level 10 in Throwing
  1658 | D        | Reached XP level 11. HP: 56/56 MP: 21/21
  1659 | D        | Noticed an unseen horror
  1660 | D        | Killed an unseen horror
  1660 | D        | Reached ****** piety under Dithmenos
  1660 | D        | Reached skill level 19 in Stealth
  1686 | D        | Killed an unseen horror
  1703 | D        | Killed an unseen horror
  1724 | D        | Killed an unseen horror
  1724 | D        | Reached skill level 20 in Stealth
  1788 | D        | Noticed a fire giant
  1791 | D        | Noticed a fire giant
  1792 | D        | Noticed a fire giant
  1792 | D        | Noticed a fire giant
  2527 | D        | Killed from afar by a gargoyle

Skill      XL: |  1  2  3  4  5  6  7  8  9 10 11 |
---------------+----------------------------------+-----
Stealth        | 10 14 17 18 20 | 20.3
Dodging        | 7 14 16 17 | 17.8
Invocations    | 5 8 11 13 | 13.3
Evocations     | 7 11 | 11.0
Fighting       | 5 |  5.6
Throwing       | 4 10 11 | 11.8
Short Blades   | |  2.8

Action                   |  1- 3 |  4- 6 |  7- 9 | 10-12 || total
-------------------------+-------+-------+-------+-------++-------
Melee: Dagger            |    21 |     4 |    48 |   272 ||   345
 Fire: Blowgun           |       |       |       |     8 ||     8
  Use: Potion            |     1 |       |       |     2 ||     3
       Scroll            |       |     1 |       |       ||     1
 Stab: Sleeping          |       |     4 |    10 |    11 ||    25
       Distracted        |       |       |     1 |       ||     1
       Confused          |       |       |       |     1 ||     1
Armor: Troll leather arm |       |       |     6 |    20 ||    26
Dodge: Dodged            |    17 |       |   134 |   362 ||   513
